 Dungeon Crawl Stone Soup version 0.25.0-8-gfd19cd77bd (webtiles) character file.

Game seed: 6984603718016646657

892 Infinimo the Destroyer (level 7, -2/36 HPs)
             Began as a Deep Elf Conjurer on June 16, 2020.
             Slain by a wyvern (10 damage)
             ... on level 6 of the Dungeon.
             The game lasted 00:06:02 (5555 turns).

Infinimo the Destroyer (Deep Elf Conjurer)          Turns: 5555, Time: 00:06:03

Health: -2/36      AC:  6    Str:  5    XL:     7   Next: 78%
Magic:  12/19      EV: 13    Int: 22    God:
Gold:   296        SH:  0    Dex: 15    Spells: 15/20 levels left

rFire    . . .     SeeInvis .   (no weapon)
rCold    . . .     Gourm    .   (no shield)
rNeg     . . .     Faith    .   a - +0 robe
rPois    .         Spirit   .   n - +2 hat
rElec    .         Reflect  .   t - +0 cloak
rCorr    .         Harm     .   j - +0 pair of gloves
MR       .....                  (no boots)
Stlth    ++........             (no amulet)
HPRegen  0.12/turn              (no ring)
MPRegen  0.16/turn              (no ring)

@: no status effects
A: no striking features
a: no special abilities


You were on level 6 of the Dungeon.
You were not hungry.

You visited 1 branch of the dungeon, and saw 6 of its levels.

You collected 296 gold pieces.

Inventory:

Armour
 a - a +0 robe (worn)
 j - a +0 pair of gloves (worn)
 n - a +2 hat (worn)
 t - a +0 cloak (worn)
Jewellery
 e - an uncursed amulet of reflection {unknown}
 q - an uncursed ring of positive energy {unknown}
 y - an uncursed ring of positive energy {unknown}
Wands
 l - a wand of enslavement (10)
 x - a wand of polymorph (9)
Scrolls
 h - 2 scrolls of enchant weapon
 i - a scroll of amnesia
 m - 2 scrolls of remove curse
 p - a scroll of blinking
 v - a scroll of identify {unknown}
Potions
 b - 2 potions of heal wounds {unknown}
 d - 2 potions of stabbing {unknown}
 f - 4 potions of invisibility {unknown}
 g - 3 potions of magic {unknown}
 k - 2 potions of curing {unknown}
 o - 3 potions of haste {unknown}
 r - a potion of berserk rage {unknown}
 s - 2 potions of might {unknown}
 u - a potion of lignification {unknown}
 w - a potion of flight {unknown}
Comestibles
 c - 8 rations
 z - 5 chunks of flesh


   Skills:
 - Level 2.4 Dodging
 - Level 2.4 Stealth
 + Level 7.3 Spellcasting
 * Level 9.1 Conjurations


You had 15 spell levels left.
You knew the following spells:

 Your Spells              Type           Power        Failure   Level  Hunger
a - Magic Dart            Conj           ####         1%          1    None
b - Iskenderun's Mystic   Conj/Tloc      ####....     12%         4    ###....

Your spell library contained the following spells:

 Spells                   Type           Power        Failure   Level  Hunger
 Searing Ray              Conj           #####.       1%          2    None
 Dazzling Flash           Conj/Hex       ####..       3%          3    None
 Fulminant Prism          Conj/Hex       ####......   12%         4    ###....


Dungeon Overview and Level Annotations

Branches:
Dungeon (6/15)
 Temple: D:4-7

Altars:
Ru


Message History

The wyvern is heavily wounded.
The wyvern bites you! x2
* * * LOW HITPOINT WARNING * * *
Casting: Magic Dart (safe; 1% risk of failure)
Confirm with . or Enter, or press ? or * to list all spells.
Aiming: Magic Dart (safe; 1% risk of failure)
Press: ? - help, Shift-Dir - straight line, f/p - wyvern
Aim: a wyvern (heavily wounded)
The magic dart hits the wyvern.
The wyvern is heavily wounded.
The wyvern closely misses you.
Casting: Magic Dart (safe; 1% risk of failure)
Confirm with . or Enter, or press ? or * to list all spells.
Aiming: Magic Dart (safe; 1% risk of failure)
Press: ? - help, Shift-Dir - straight line, f/p - wyvern
Aim: a wyvern (heavily wounded)
The magic dart hits the wyvern but does no damage.
The wyvern is heavily wounded.
The wyvern misses you. The wyvern bites you!
You die...

#. #.########### #.........รท.# #
#.#########.#### .
#..............# # ###
#######..###......##.# #
###.#####..>..........###..##.###
#..#...........[..##### #..##....
#.#.###......)..@.# #........
#.#.##...#######l## #.#######
#.#.#.....## #.. #.# ##
#.#........# #... #####.######.
#.###....<.# ..... ...#..).....
#.# ##...#.#. #...####.#..######
#.# ##.##.#.# ##.## #...........
#.# #.##.#.# #.####..#..######
#.# #.##.#.# #.......#..######


You could see a wyvern.

Vanquished Creatures
  An ogre (D:4)
  A bullfrog (D:6)
  A scorpion (D:6)
  3 crimson imps (D:6)
  2 bullfrog zombies
  2 jellies
  3 hounds
  An orc wizard (D:3)
  2 bullfrog skeletons
  Jessica (D:2)
  3 worker ants
  Natasha (D:1)
  4 gnolls (D:5)
  4 adders
  An adder skeleton (D:4)
  4 worms
  A dart slug (D:3)
  3 leopard geckos
  6 orcs
  10 bats
  7 giant cockroaches
  5 goblins
  7 hobgoblins
  10 jackals
  6 kobolds
  4 quokkas
  6 frilled lizards
  A leopard gecko zombie (D:6)
  8 rats
108 creatures vanquished.

Notes
Turn   | Place    | Note
-------+----------+-------------------------------------------
     0 | D:1      | Infinimo the Deep Elf Conjurer began the quest for the Orb.
     0 | D:1      | Reached XP level 1. HP: 10/10 MP: 6/6
    86 | D:1      | Reached XP level 2. HP: 8/15 MP: 1/8
   382 | D:1      | Reached skill level 5 in Conjurations
   794 | D:2      | Noticed Natasha
   946 | D:2      | Noticed Jessica
   950 | D:2      | Noticed a crimson imp
   963 | D:1      | Killed Natasha
   963 | D:1      | Reached XP level 3. HP: 19/19 MP: 2/10
  1021 | D:2      | Killed Jessica
  1021 | D:2      | Reached XP level 4. HP: 24/24 MP: 9/12
  1393 | D:2      | Reached skill level 6 in Conjurations
  1656 | D:3      | Reached XP level 5. HP: 23/28 MP: 5/14
  1887 | D:3      | Reached skill level 5 in Spellcasting
  1927 | D:3      | Found a sacrificial altar of Ru.
  3085 | D:4      | Reached skill level 7 in Conjurations
  3216 | D:4      | Noticed an ogre
  3225 | D:4      | Killed an ogre
  3225 | D:4      | Reached XP level 6. HP: 13/32 MP: 6/16
  3835 | D:4      | Learned a level 4 spell: Iskenderun's Mystic Blast
  3849 | D:5      | Entered Level 5 of the Dungeon
  4161 | D:5      | Reached skill level 8 in Conjurations
  4161 | D:5      | Reached XP level 7. HP: 36/36 MP: 6/18
  5157 | D:6      | Reached skill level 9 in Conjurations
  5547 | D:6      | Noticed a wyvern
  5555 | D:6      | Slain by a wyvern

Illustrated notes

Levels and vault maps discovered:
D:1:      minmay_arrival_diagonal_passages, layout_rooms
D:2:      layout_rooms, uniq_jessica, uniq_natasha
D:3:      layout_loops_ring, eino_curves_01, hangedman_decor_peaks_small,
          nicolae_ru_great_annihilating_truth
D:4:      layout_gridville, hex_large
D:5:      layout_rooms, first_ration
D:6:      layout_loops_ring, fedhas_altar_decomposition

Skill      XL: |  1  2  3  4  5  6  7 |
---------------+----------------------+-----
Conjurations   | 5 6 7 8 9 |  9.1
Spellcasting   | 4 5 6 7 |  7.3
Dodging        | |  2.4
Stealth        | |  2.4

Action                   |  1- 3 |  4- 6 |  7- 9 || total
-------------------------+-------+-------+-------++-------
Melee: Unarmed           |    21 |       |       ||    21
 Cast: Magic Dart        |    42 |   181 |    91 ||   314
  Use: Scroll            |       |     7 |       ||     7
  Eat: Chunk             |       |    10 |     1 ||    11
       Ration            |       |       |     1 ||     1
Armor: Robe              |     4 |     4 |     5 ||    13
Dodge: Dodged            |    26 |    12 |    13 ||    51
